 Dungeon Crawl Stone Soup version 0.26-a0-651-gb41185065b (webtiles) character file.

Game seed: 17594061309485350703

505881 jt the Slayer (level 23, -16/189 HPs)
             Began as a Demonspawn Wanderer on Oct 3, 2020.
             Was the Champion of Hepliaklqana.
             Demolished by a caustic shrike (25 damage)
             ... on level 5 of the Depths on Oct 4, 2020.
             The game lasted 03:48:48 (52244 turns).

jt the Slayer (Demonspawn Wanderer)                Turns: 52244, Time: 03:48:50

Health: -16/189    AC: 13    Str: 31    XL:     23   Next: 84%
Magic:  25/25      EV: 16    Int: 15    God:    Hepliaklqana [******]
Gold:   4369       SH: 18    Dex: 13    Spells: 25/26 levels left

rFire    + + .     SeeInvis .   a - +7 sceptre of Torment {pain, torment}
rCold    + + +     Faith    .   n - +3 kite shield {reflect}
rNeg     + . .     Spirit   .   I - +4 gold dragon scales
rPois    +         Reflect  +   V - -2 hat of the Alchemist {rElec rPois rF+ rC+ rN+ MR+ rMut rCorr}
rElec    +         Harm     .   w - +2 cloak {MR+}
rCorr    +         Rampage  .   (gloves unavailable)
rMut     +                      (boots unavailable)
MR       ++++.                  C - amulet of the Empty Page {+Fly rPois Regen+ Slay+2 Stlth-}
Stlth    ..........             r - ring of Symmetry {MR+ EV+4 Str+4 Dex-2}
HPRegen  2.81/turn              o - +6 ring of strength
MPRegen  0.19/turn

@: agile, corroded, studying Invocations
A: reduced essence, claws 3, hooves 3, horns 2, cold resistance 1, low mp 2,
powered by death 3, powered by pain 2, screaming 1, strong 1
}: 3/15 runes: decaying, slimy, gossamer
a: Recall Ancestor, Ancestor Identity, Transference, Idealise, Renounce
Religion, Evoke Flight


You were on level 5 of the Depths.
You worshipped Hepliaklqana.
Hepliaklqana was exalted by your worship.
You visited 9 branches of the dungeon, and saw 47 of its levels.
You visited 1 bazaar.
You also visited: Ice Cave and Volcano.

You collected 7049 gold pieces.
You spent 2680 gold pieces at shops.

Inventory:

Hand Weapons
 a - the +7 sceptre of Torment (weapon) {pain, torment}
   (You acquired it on level 9 of the Dungeon)

   In the hands of one skilled in necromantic magic, it inflicts extra damage on
   living creatures.
 F - the +5 fustibalus "Diecopp" {flame, rElec MR+}
   (You found it on level 5 of the Pits of Slime)

   It causes projectiles fired from it to burn those they strike, causing extra
   injury to most foes and up to half again as much damage against particularly
   susceptible opponents.
   It insulates you from electricity.
   It affects your resistance to hostile enchantments.
 M - the +2 broad axe of the Enemy {vorpal, rF+ MP+9 Int+4}
   (You found it on level 13 of the Dungeon)

   It inflicts extra damage upon your enemies.
   It affects your intelligence (+4).
   It protects you from fire.
   It affects your magic capacity (+9).
Missiles
 c - 8 javelins (quivered)
 g - a throwing net
 i - 5 silver boomerangs
 G - 238 sling bullets
 N - 27 curare-tipped darts
Armour
 n - a +3 kite shield of reflection (worn)
 w - a +2 cloak of magic resistance (worn)
 I - +4 gold dragon scales (worn)
 V - the -2 hat of the Alchemist (worn) {rElec rPois rF+ rC+ rN+ MR+ rMut rCorr}
   (You acquired it on level 3 of the Elven Halls)

   It protects you from fire.
   It protects you from cold.
   It insulates you from electricity.
   It protects you from poison.
   It protects you from negative energy.
   It affects your resistance to hostile enchantments.
   It provides partial protection from all sources of acid and corrosion.
   It protects you from mutation.
Jewellery
 l - an uncursed ring of protection from magic
 o - a +6 ring of strength (right claw)
 r - the ring of Symmetry (left claw) {MR+ EV+4 Str+4 Dex-2}
   (You found it on level 5 of the Pits of Slime)

   [ring of evasion]

   It affects your evasion (+4).
   It affects your strength (+4).
   It affects your dexterity (-2).
   It affects your resistance to hostile enchantments.
 C - the amulet of the Empty Page (around neck) {+Fly rPois Regen+ Slay+2 Stlth-}
   (You found it on level 3 of the Spider Nest)

   [amulet of regeneration]

   It affects your accuracy and damage with ranged weapons and melee attacks
   (+2).
   It protects you from poison.
   It lets you fly.
   It increases your rate of regeneration.
   It makes you less stealthy.
 Y - an uncursed ring of see invisible
Wands
 p - a wand of acid (36)
 u - a wand of paralysis (20)
 x - a wand of iceblast (13)
 J - a wand of digging (19)
 Q - a wand of enslavement (33)
Scrolls
 d - 20 scrolls of teleportation
 f - 17 scrolls of remove curse
 j - 10 scrolls of identify
 v - 9 scrolls of fog
 y - 6 scrolls of immolation
 L - 5 scrolls of silence
 P - 9 scrolls of fear
 X - 7 scrolls of magic mapping
Potions
 b - 3 potions of resistance
 m - 13 potions of curing
 q - a potion of cancellation
 B - 6 potions of might
 D - 3 potions of magic
 E - 7 potions of mutation
 U - 4 potions of ambrosia
 W - 4 potions of haste
 Z - a potion of flight
Books
 T - a manual of Invocations
Miscellaneous
 h - a tin of tremorstones (3/3)
 k - a phantom mirror
 t - a lightning rod (3/4)
 A - a box of beasts (3/3)
 O - a phial of floods
 S - a condenser vane (1/2)


   Skills:
 + Level 24.9 Fighting
 - Level 16.0 Maces & Flails
 - Level 6.0 Throwing
 - Level 15.0 Armour
 - Level 1.0 Dodging
 - Level 1.0 Stealth
 - Level 15.0 Shields
 - Level 2.0 Spellcasting
 - Level 4.0 Necromancy
 + Level 11.3 Invocations
 + Level 15.9 Evocations


You had 25 spell levels left.
You knew the following spells:

 Your Spells              Type           Power        Failure   Level
a - Animate Skeleton      Necr           ##....       52%         1

Your spell library contained the following spells:

 Spells                   Type           Power        Failure   Level
 Apportation              Tloc           #.....       97%         1
 Corona                   Hex            #......      97%         1
 Freeze                   Ice            #...         97%         1
 Magic Dart               Conj           #...         97%         1
 Sandblast                Erth           #.....       97%         1
 Shock                    Conj/Air       #...         97%         1
 Summon Small Mammal      Summ           #...         97%         1
 Blink                    Tloc           N/A          99%         2
 Call Imp                 Summ           #.......     99%         2
 Ensorcelled Hibernation  Hex/Ice        #.....       99%         2
 Passwall                 Tmut/Erth      #.......     99%         2
 Slow                     Hex            #.......     99%         2
 Swiftness                Air            #.......     99%         2
 Confusing Touch          Hex            #.......     100%        3
 Conjure Flame            Conj/Fire      #.......     100%        3
 Dazzling Flash           Conj/Hex       #.....       100%        3
 Frozen Ramparts          Ice            #.....       100%        3
 Gell's Gravitas          Tloc           #.........   100%        3
 Lesser Beckoning         Tloc           #.........   100%        3
 Mephitic Cloud           Conj/Pois/Air  #.......     100%        3
 Ozocubu's Armour         Ice            #.......     100%        3
 Portal Projectile        Hex/Tloc       #.....       100%        3
 Static Discharge         Conj/Air       #.......     100%        3
 Stone Arrow              Conj/Erth      #.....       100%        3
 Tukima's Dance           Hex            #.......     100%        3
 Airstrike                Air            #.........   100%        4
 Cause Fear               Hex            #.........   100%        4
 Hailstorm                Conj/Ice       #.......     100%        4
 Ice Form                 Ice/Tmut       #.......     100%        4
 Iskenderun's Mystic Bla  Conj/Tloc      #.......     100%        4
 Leda's Liquefaction      Hex/Erth       #.........   100%        4
 Passage of Golubria      Tloc           N/A          100%        4
 Petrify                  Tmut/Erth      #.......     100%        4
 Summon Ice Beast         Ice/Summ       #.......     100%        4
 Alistair's Intoxication  Tmut/Pois      #........    100%        5
 Bolt of Magma            Conj/Fire/Erth #.........   100%        5
 Borgnjor's Vile Clutch   Necr/Erth      #.........   100%        5
 Irradiate                Conj/Tmut      #.........   100%        5
 Iskenderun's Battlesphe  Conj           #.......     100%        5
 Lee's Rapid Deconstruct  Erth           #.........   100%        5
 Lightning Bolt           Conj/Air       #.........   100%        5
 Metabolic Englaciation   Hex/Ice        #.........   100%        5
 Silence                  Hex/Air        #.........   100%        5
 Summon Demon             Summ           #.........   100%        5
 Summon Forest            Summ/Tloc      #.........   100%        5
 Summon Mana Viper        Hex/Summ       #.......     100%        5
 Yara's Violent Unravell  Hex/Tmut       #.........   100%        5
 Conjure Ball Lightning   Conj/Air       #.........   100%        6
 Dispersal                Tloc           #.........   100%        6
 Freezing Cloud           Conj/Ice/Air   #.........   100%        6
 Hydra Form               Tmut           #.........   100%        6
 Invisibility             Hex            #.......     100%        6
 Iron Shot                Conj/Erth      #.........   100%        6
 Ozocubu's Refrigeration  Ice            #.........   100%        6
 Shadow Creatures         Summ           N/A          100%        6
 Simulacrum               Ice/Necr       #.........   100%        6
 Starburst                Conj/Fire      #.........   100%        6
 Statue Form              Tmut/Erth      #........    100%        6
 Dragon Form              Tmut           #.........   100%        7
 Orb of Destruction       Conj           #.........   100%        7
 Spellforged Servitor     Conj/Summ      #.........   100%        7
 Summon Hydra             Summ           #.........   100%        7
 Discord                  Hex            #.........   100%        8
 Disjunction              Tloc           #.........   100%        8
 Shatter                  Erth           #.........   100%        9
 Tornado                  Air            #.........   100%        9


Dungeon Overview and Level Annotations

Branches:
Dungeon (15/15)            Temple (0/1) D:4            Lair (6/6) D:11
  Swamp (4/4) Lair:3       Spider (4/4) Lair:2        Slime (5/5) Lair:5
    Orc (2/2) D:12            Elf (3/3) Orc:2        Vaults (4/5) D:14
  Crypt (0/3) Vaults:2     Depths (5/5) D:15          IceCv (visited)
Volcano (visited)
    Zot: Depths:5

Altars:
Ashenzari
Cheibriados
Gozag
Hepliaklqana
Kikubaaqudgha
Makhleb
Ru
Trog
Uskayaw
Vehumet
Beogh
Jiyva

Shops:
D:5 [   D:6 *   D:8 *   D:11 *   D:13 (   D:14 *(   D:15 [   Orc:2 ![}:*
Elf:2 (   Elf:3 :   Vaults:3 }

Portals:
Hell: Depths:1 Depths:2 Depths:3
Pandemonium: Depths:3

Annotations:
D:4 2 transporters, Tiareth's ghost, amateur DEWz
Lair:1 1 runed translucent door, suvakkihuora's ghost, novice DgDe
Elf:2 5 runed translucent doors
Depths:5 Margery


Innate Abilities, Weirdness & Mutations

You have claws for hands.
You have hooves in place of feet.
You have a pair of horns on your head.
Your flesh is cold resistant. (rC+)
You regenerate a lot of health from kills.
You sometimes gain power by taking damage.
Your life essence is reduced to manifest your ancestor. (-10% HP)
Your magical capacity is very low. (-20% MP)
You occasionally shout uncontrollably at your foes.
Your muscles are strong. (Str +2)


Message History

The hell knight's soul is no longer bound.
You block the caustic shrike's attack. The caustic shrike barely misses you.
Press: ? - help, v - describe, . - travel, g - get item
Here: a caustic shrike (heavily wounded) Item here: a caustic shrike corpse.
The floor.
Evoke which item? (* to show all) (? for menu, Esc to quit)
Press: ? - help, Shift-Dir - straight line, f - Margery, p - hell knight
Aim: Margery, wielding a +5 broad axe of distortion and wearing +2 shadow dragon scales (heavily wounded)
The bolt of acid hits the caustic shrike!!
The caustic shrike is splashed with acid.
The acid corrodes the caustic shrike!
The caustic shrike is almost dead.
The bolt of acid hits Margery!
Margery is splashed with acid.
The acid corrodes Margery!
Margery is severely wounded.
The caustic shrike completely misses you.
An ettin comes into view. It is wielding two +0 dire flails.
The caustic shrike claws you!!
You die...

##.....R.#§###§≈..≈#.#..+,,,,
#######.#b#,,,∩≈≈≈#.#..#,,,,
###..#b#,,,,,*##.#..#,,,,
#....#.#,,*,,,,○.#..#**,*
#....#@#,,*,,,,..#,,* *,*
#....#†#,,********,,* *,*
***#.C.)§.#,,,,,,,,,,,,* *,+
****#......#8@#########,8*** ***
*,,,=.....###pb@.......,** *
*,,,......* #######...#,*
*,,,..####*********,,,.,*
*,,,..**,,,,,,,,,,,<************
**,,,,,**,,,,,,,,,,,,,,,,,,,,,,,*
,+,,,,,,,,,,,,,,,,,,,,,,,,,,,,,,*
**,,,,,,,,,,,,,,,,,******,,,,,,,+
*,,,,,,,,,,,,*,,*,,* *,,,,,,**
*,****,,,,,,,,**,,,******,,,,,,,*


You could see Margery (corroded), a caustic shrike (corroded), an ettin and a
hell knight (fast, corroded).

Vanquished Creatures
  the Royal Jelly (Slime:5)
  Sojobo (Vaults:4)
  Frederick (Vaults:2)
  Bai Suzhen (Spider:3)
  4 caustic shrikes (Depths:5)
  3 golden dragons (Depths:2)
  Nikola (Swamp:1)
  Rupert (Orc:2)
  A lich (Depths:2)
  Jorgrun (Orc:2)
  Asterion (Depths:3)
  A tentacled monstrosity (Depths:2)
  2 deep elf master archers (Elf:3)
  24 acid blobs
  Frances (Elf:1)
  Kirke (Spider:3)
  3 sphinxes
  Agnes (Vaults:4)
  3 tengu reavers
  Donald (Swamp:1)
  10 azure jellies
  3 frost giants
  4 fire giants
  9 deep elf sorcerers
  2 ghost moths (Spider:4)
  A draconian knight (Vaults:4)
  4 vault wardens
  2 emperor scorpions
  2 spriggan defenders (Depths:2)
  5 deep elf elementalists (Elf:3)
  7 stone giants
  18 very ugly things
  11 ironheart preservers
  An entropy weaver (Spider:4)
  The ghost of Peppyet the Brawler, a journeyman GrBe of Trog (Lair:6)
  6 deep elf annihilators
  A yellow draconian (Depths:5)
  6 deep elf demonologists
  A white draconian (IceCv)
  A purple draconian (Depths:5)
  Azrael (Orc:1)
  11 death oozes
  4 deep elf death magi
  2 ettins
  7 spark wasps
  Snorg (D:13)
  8 fire dragons
  Josephine (Lair:5)
  A vault guard (Vaults:3)
  12 ogre magi
  7 great orbs of eyes
  2 deep elf high priests
  4 yaktaur captains
  2 jiangshi (Vaults:2)
  6 ice dragons
  10 hydras
  Erolcha (Orc:2)
  A shambling mangrove (Swamp:3)
  2 rakshasas
  A spriggan air mage (Depths:2)
  A ghost crab (Swamp:2)
  8 alligators
  20 two-headed ogres
  10 centaur warriors
  2 death yaks (IceCv)
  8 deep troll shamans
  10 dancing weapons
  2 tengu warriors
  2 orc high priests (Orc:2)
  6 deep troll earth magi
  A spriggan berserker (Depths:3)
  A vampire mage (Depths:3)
  12 deep elf knights
  4 hell knights (Depths:2)
  Sonja (D:13)
  Nergalle (Lair:1)
  A fire crab (shapeshifter) (Depths:3)
  A shadow wraith (Vaults:2)
  66 slime creatures
  3 skeletal warriors
  A fire crab (Swamp:4)
  2 glowing orange brains
  2 gelid demonspawn (Depths:3)
  4 unseen horrors
  An unseen horror (shapeshifter) (Vaults:3)
  A shadow demon (Depths:3)
  19 deep trolls
  2 spriggan druids
  8 swamp dragons
  4 flayed ghosts
  12 ironbrand convokers
  An anaconda skeleton (Volcano)
  5 harpies (Vaults:4)
  A lindwurm (Swamp:3)
  A swamp dragon (shapeshifter) (D:14)
  3 necromancers
  A lindwurm (shapeshifter) (Vaults:4)
  2 wizards
  5 orc knights
  26 deep elf magi
  5 deep elf archers
  8 orb spiders
  A shadow dragon skeleton (Vaults:4)
  3 orc sorcerers (Orc:2)
  41 ugly things
  A salamander (D:15)
  27 wolf spiders
  3 shining eyes
  2 moths of wrath
  7 elephants
  14 cyclopes
  6 black mambas
  3 centaur skeletons
  12 cane toads
  6 vault sentinels
  An ice statue (IceCv)
  5 eyes of devastation
  3 gargoyles (Volcano)
  2 torpor snails (Spider:2)
  A rime drake (Lair:6)
  9 kobold demonologists
  29 yaktaurs
  An efreet (D:13)
  3 freezing wraiths
  6 komodo dragons
  A hellwing (Depths:3)
  A komodo dragon (shapeshifter) (Depths:1)
  4 demonic crawlers
  3 tengu conjurers
  A polar bear (shapeshifter) (Vaults:3)
  3 meliai (Spider:4)
  A queen bee (shapeshifter) (Elf:1)
  3 large abominations (Elf:3)
  A troll (shapeshifter) (D:15)
  18 polar bears
  A meliai (shapeshifter) (D:15)
  7 trolls
  28 jumping spiders
  9 tyrant leeches
  A harpy skeleton (Volcano)
  A merfolk (shapeshifter) (Depths:2)
  8 blink frogs
  A hippogriff (shapeshifter) (D:15)
  17 hornets
  A battlemage (Elf:3)
  2 human simulacra
  4 dream sheep (Lair:5)
  4 hippogriffs
  14 bog bodies
  2 water elementals
  A flying skull (Volcano)
  An ettin zombie (Vaults:4)
  55 redbacks
  A spriggan (shapeshifter) (Vaults:4)
  6 spriggans
  3 air elementals
  An alligator skeleton (Volcano)
  A human (shapeshifter) (Elf:1)
  24 tarantellas
  4 wyverns
  A tarantella (shapeshifter) (Vaults:3)
  3 shadows
  41 yaks
  2 vampires (D:14)
  2 wraiths
  11 golden eyes
  5 basilisks
  2 fire elementals (Orc:2)
  4 small abominations (Elf:3)
  9 vampire mosquitoes
  Grum (Lair:1)
  A chaos spawn (Depths:3)
  3 steam dragons
  11 wargs
  10 swamp worms
  An acid dragon (D:12)
  9 insubstantial wisps
  13 water moccasins
  A porcupine (Lair:4)
  17 hell hounds
  A floating eye (Depths:2)
  11 swamp drakes
  A sky beast (D:14)
  26 orc warriors
  9 eyes of draining
  5 ice beasts
  A hornet zombie (D:15)
  26 wolves
  14 black bears
  4 boggarts
  A necrophage (D:9)
  14 centaurs
  25 ogres
  A centaur (shapeshifter) (Depths:2)
  4 crocodiles
  3 big kobolds
  11 bullfrogs
  2 earth elementals
  A human skeleton (Vaults:4)
  3 scorpions
  A wyvern skeleton (D:6)
  16 killer bees
  A spriggan skeleton (Volcano)
  6 wights
  5 howler monkeys
  2 electric eels (Spider:3)
  A lava snake (Lair:4)
  2 centaur zombies
  2 crimson imps
  4 bullfrog zombies
  4 jellies
  14 orc priests
  14 orc wizards
  9 hounds
  2 bullfrog skeletons
  3 iguanas
  6 worker ants
  A naga skeleton (Volcano)
  A hound zombie (D:6)
  A hound skeleton (D:11)
  5 worker ant zombies
  2 gnolls
  3 adders
  2 shadow imps
  14 white imps
  3 ufetubi
  2 worms (D:2)
  An adder skeleton (D:4)
  A dart slug (D:2)
  A leopard gecko (D:1)
  62 orcs
  2 ball pythons
  7 bats
  6 giant cockroaches
  5 goblins
  3 hobgoblins
  5 jackals
  16 kobolds
  5 quokkas
  5 frilled lizards
  A leopard gecko skeleton (D:4)
  A quokka skeleton (D:4)
  4 rats
  3 crawling corpses (Elf:3)
1489 creatures vanquished.

Vanquished Creatures (collateral kills)
  Saint Roka (Orc:2)
  Xtahua (Depths:3)
  3 acid blobs
  2 sphinxes
  A revenant (Vaults:2)
  An azure jelly (Slime:2)
  A tengu reaver (Vaults:4)
  A draconian knight (Depths:5)
  2 frost giants
  2 emperor scorpions (Spider:4)
  A deep elf sorcerer (Elf:3)
  2 vault wardens (Vaults:3)
  3 ghost moths
  2 ironheart preservers
  5 stone giants
  2 vampire knights (Vaults:4)
  A very ugly thing (Depths:5)
  A deep elf annihilator (Elf:3)
  2 deep elf death magi (Elf:3)
  4 yaktaur captains
  4 fire dragons
  2 ettins (Depths:2)
  2 great orbs of eyes
  A rakshasa (Depths:2)
  3 hydras
  3 ice dragons
  A vault guard (Vaults:3)
  A spriggan air mage (Depths:5)
  An ogre mage (Vaults:2)
  A death knight (D:7)
  6 alligators
  2 catoblepae
  3 two-headed ogres
  4 dancing weapons
  A deep troll earth mage (Vaults:4)
  A vampire mage (Depths:3)
  2 deep troll shamans
  An orc high priest (Orc:2)
  2 deep elf knights
  2 skeletal warriors (D:14)
  A fire crab (shapeshifter) (Vaults:3)
  A shadow wraith (Vaults:1)
  A spriggan druid (Swamp:4)
  2 flayed ghosts (Depths:3)
  3 deep trolls
  A glowing orange brain (Depths:2)
  2 ironbrand convokers
  2 unseen horrors
  2 wizards
  3 swamp dragons (Swamp:4)
  3 orc knights
  3 deep elf magi
  A harpy (Vaults:4)
  A lindwurm (Swamp:4)
  A necromancer (Depths:5)
  13 wolf spiders
  5 deep elf archers
  2 cyclopes
  10 ugly things
  An orb spider (Spider:2)
  4 shining eyes
  3 elephants (Lair:2)
  2 black mambas
  2 centaur skeletons (D:15)
  2 vault sentinels
  A gargoyle (D:8)
  7 cane toads
  3 rime drakes (Lair:6)
  A torpor snail (Spider:2)
  3 komodo dragons
  10 yaktaurs
  A hellwing (Depths:3)
  4 demonic crawlers
  8 polar bears (IceCv)
  17 jumping spiders
  4 tyrant leeches
  3 trolls
  6 blink frogs
  2 bog bodies (Swamp:2)
  2 dream sheep (Lair:5)
  A raiju (Lair:6)
  7 hornets
  20 slime creatures
  6 hippogriffs
  5 tarantellas
  45 redbacks
  6 wraiths
  A shadow (D:12)
  2 flying skulls (Volcano)
  Sigmund (D:6)
  A vampire (D:14)
  4 spriggans
  A wyvern (Lair:2)
  9 yaks
  2 hogs (Spider:3)
  7 golden eyes
  A steam dragon (Swamp:4)
  A basilisk (Lair:5)
  4 vampire mosquitoes (Swamp:1)
  A fire elemental (Elf:2)
  6 insubstantial wisps
  An acid dragon (D:11)
  6 swamp worms
  4 hell hounds
  2 soldier ants
  A water moccasin (D:11)
  An ice beast (D:7)
  2 porcupines
  12 orc warriors
  A black bear (Lair:6)
  8 swamp drakes
  2 large abominations (Elf:3)
  2 phantoms (D:6)
  9 ogres
  14 wolves
  5 centaurs
  2 big kobolds
  2 crocodiles
  4 bullfrogs
  A gnoll sergeant (D:8)
  An earth elemental (Elf:2)
  A wyvern zombie (D:11)
  A scorpion (D:6)
  4 small abominations (Elf:3)
  8 killer bees
  3 wights
  5 howler monkeys
  A centaur zombie (D:6)
  4 jellies
  2 hounds
  8 orc wizards
  4 orc priests
  A bullfrog skeleton (D:7)
  3 iguanas
  5 worker ants
  2 worker ant zombies
  3 adders
  2 gnolls (D:8)
  A shadow imp (Depths:3)
  10 white imps
  An ufetubus (D:9)
  2 oozes (Lair:5)
  An adder zombie (D:5)
  A dart slug (D:4)
  22 orcs
  A hobgoblin (D:3)
  2 jackals
  4 kobolds
  2 quokkas
  A bat (D:14)
540 creatures vanquished.

Vanquished Creatures (others)
  A death yak (IceCv)
  A polar bear (IceCv)
  2 blink frogs (Swamp:4)
  A spriggan (Swamp:4)
  6 yaks
  5 humans (Spider:3)
  2 steam dragons (Swamp:4)
  A swamp drake (Swamp:4)
  An ogre (Vaults:1)
  A wolf (IceCv)
  An orc priest (Orc:2)
  46 battlemagi
  An ancestor (D:5)
  3 orcs (Orc:2)
  A bush (Lair:6)
  A fire vortex (Swamp:4)
  23 fungi
  40 plants
  8 withered plants (D:7)
145 creatures vanquished.

Grand Total: 2174 creatures vanquished

Notes
Turn   | Place    | Note
-------+----------+-------------------------------------------
     0 | D:1      | jt the Demonspawn Wanderer began the quest for the Orb.
     0 | D:1      | jt set off with the following items: a +2 mace, a +0
                  | shortbow, 24 arrows, a scroll of teleportation, a +0 robe
     0 | D:1      | Reached XP level 1. HP: 18/18 MP: 1/1
    99 | D:1      | Gained mutation: You have sharp fingernails. [demonic
                  | ancestry]
    99 | D:1      | Reached XP level 2. HP: 14/24 MP: 2/2
   859 | D:1      | Reached XP level 3. HP: 29/29 MP: 3/3
  1541 | D:2      | Found a bloodstained altar of Trog.
  2251 | D:2      | Found a radiant altar of Vehumet.
  2257 | D:2      | Found a snail-covered altar of Cheibriados.
  2262 | D:2      | Found a hazy altar of Hepliaklqana.
  2281 | D:2      | Became a worshipper of Hepliaklqana the Forgotten
  2655 | D:3      | Gained mutation: You regenerate a little health from kills.
                  | [demonic ancestry]
  2655 | D:3      | Reached XP level 4. HP: 31/31 MP: 4/4
  2704 | D:3      | Found a burning altar of Makhleb.
  2835 | D:3      | Reached skill level 1 in Shields
  2964 | D:3      | Found a sacrificial altar of Ru.
  3324 | D:4      | Found a transporter.
  3324 | D:4      | Noticed Tiareth's ghost (amateur DEWz)
  3330 | D:4      | Reached XP level 5. HP: 36/36 MP: 5/5
  3398 | D:4      | Found a transporter.
  3467 | D:4      | Reached * piety under Hepliaklqana
  3469 | D:4      | Found an opulent altar of Gozag.
  3564 | D:4      | Found a staircase to the Ecumenical Temple.
  3915 | D:5      | Entered Level 5 of the Dungeon
  3924 | D:5      | Reached XP level 6. HP: 24/42 MP: 3/6
  4079 | D:5      | Reached skill level 5 in Maces & Flails
  4432 | D:5      | Reached ** piety under Hepliaklqana
  4433 | D:5      | Remembered your ancestor Ku-aya as a battlemage
  4459 | D:5      | Found Detaycaps's Antique Armour Boutique.
  4467 | D:5      | Bought a shiny buckler for 135 gold pieces
  4550 | D:5      | Gained mutation: You have a pair of small horns on your
                  | head. [demonic ancestry]
  4550 | D:5      | Reached XP level 7. HP: 45/46 MP: 7/7
  4929 | D:6      | Found the +9 heavy crossbow "Sniper" {vorpal, Acc+∞ SInv}
  5053 | D:6      | Gained mutation: You sometimes gain a little power by
                  | taking damage. [demonic ancestry]
  5053 | D:6      | Reached XP level 8. HP: 39/53 MP: 8/8
  5153 | D:6      | Reached skill level 4 in Fighting
  5184 | D:6      | Found Zouwnial's Assorted Antiques.
  5199 | D:6      | Bought a scroll labeled SUZOCOHIWO for 26 gold pieces
  5199 | D:6      | Bought a scroll labeled RENIDW LAYMORU for 26 gold pieces
  5326 | D:6      | Noticed Sigmund
  5337 | D:6      | Killed Sigmund
  5459 | D:7      | Found an ancient bone altar of Kikubaaqudgha.
  5502 | D:7      | Noticed an ogre mage
  5503 | D:7      | Noticed an ogre mage
  5505 | D:7      | Gained mutation: Your magical capacity is low. (-10% MP)
                  | [potion of mutation]
  5505 | D:7      | Gained mutation: You occasionally shout uncontrollably at
                  | your foes. [potion of mutation]
  5505 | D:7      | Gained mutation: Your muscles are strong. (Str +2) [potion
                  | of mutation]
  5506 | D:7      | Noticed a deep elf mage
  5514 | D:7      | Killed an ogre mage
  5514 | D:7      | Reached skill level 5 in Fighting
  5514 | D:7      | Gained mutation: You have a pair of horns on your head.
                  | [demonic ancestry]
  5514 | D:7      | Reached XP level 9. HP: 28/62 MP: 8/8
  5516 | D:7      | Killed a deep elf mage
  5516 | D:7      | Reached skill level 6 in Fighting
  5521 | D:7      | Killed an ogre mage
  5521 | D:7      | Reached skill level 7 in Fighting
  5536 | D:7      | Noticed a two-headed ogre
  5602 | D:7      | Reached skill level 5 in Evocations
  5830 | D:7      | Noticed a death knight
  5869 | D:7      | Killed a death knight
  5869 | D:7      | Reached skill level 8 in Fighting
  5869 | D:7      | Reached XP level 10. HP: 22/72 MP: 9/9
  6167 | D:8      | Found Zegez's Assorted Antiques.
  6183 | D:8      | Reached skill level 10 in Maces & Flails
  6189 | D:8      | Bought a scroll labeled YMUWNO WYUMPUGUN for 21 gold pieces
  6389 | D:8      | Noticed a gargoyle
  6396 | D:8      | Killed a gargoyle
  6434 | D:8      | Reached skill level 9 in Fighting
  6602 | D:8      | Found a hide-covered altar of Uskayaw.
  6831 | D:9      | Noticed a two-headed ogre
  6844 | D:9      | Reached *** piety under Hepliaklqana
  7399 | D:9      | Reached skill level 10 in Fighting
  7721 | D:9      | Identified a scroll of acquirement
  7825 | D:9      | Killed a two-headed ogre
  7825 | D:9      | Gained mutation: You have large cloven feet. [demonic
                  | ancestry]
  7825 | D:9      | Reached XP level 11. HP: 81/81 MP: 9/9
  8117 | D:9      | Acquired 621 gold pieces
  8119 | D:9      | Acquired the +7 sceptre of Torment {pain, torment}
  8120 | D:9      | Found the +7 sceptre of Torment {pain, torment}
  8136 | D:10     | Entered Level 10 of the Dungeon
  8370 | D:10     | You fall into a shaft and drop 3 floors!
  8392 | D:13     | Noticed a catoblepas
  8412 | D:13     | Killed a catoblepas
  8412 | D:13     | Reached skill level 11 in Fighting
  8626 | D:13     | Noticed a white ugly thing
  8644 | D:13     | Killed a white ugly thing
  8976 | D:13     | Noticed Snorg
  9007 | D:13     | Noticed a seven-headed hydra
  9011 | D:13     | Killed a seven-headed hydra
  9576 | D:12     | Noticed a two-headed ogre
  9852 | D:12     | Identified the +10 dire flail of Hacking and Slashing
                  | {flame, *Noise Str+7}
  9947 | D:11     | Noticed a red ugly thing
  9960 | D:11     | Killed a red ugly thing
 10239 | D:11     | Noticed a brown ugly thing
 10406 | D:11     | Found Iwolirer's General Store.
 10414 | D:11     | Bought 5 curare-tipped darts for 42 gold pieces
 10414 | D:11     | Bought a potion of curing for 42 gold pieces
 10459 | D:11     | Found a staircase to the Lair.
 10498 | Lair:1   | Entered Level 1 of the Lair of Beasts
 10524 | Lair:1   | Noticed a five-headed hydra
 10528 | Lair:1   | Killed a five-headed hydra
 10528 | Lair:1   | Gained mutation: You have very sharp fingernails. [demonic
                  | ancestry]
 10528 | Lair:1   | Reached XP level 12. HP: 78/91 MP: 10/10
 10611 | Lair:1   | Reached **** piety under Hepliaklqana
 10638 | Lair:1   | Reached skill level 12 in Fighting
 10767 | Lair:1   | Found a runed translucent door.
 10767 | Lair:1   | Noticed suvakkihuora's ghost (novice DgDe)
 10824 | Lair:1   | Noticed Nergalle
 10829 | Lair:1   | Reached skill level 1 in Invocations
 10836 | Lair:1   | Killed Nergalle
 11085 | Lair:1   | Noticed Grum
 11094 | Lair:1   | Killed Grum
 11760 | Lair:2   | Reached skill level 5 in Invocations
 12322 | Lair:2   | Found a hole to the Spider Nest.
 12737 | Lair:2   | Reached ***** piety under Hepliaklqana
 13325 | Lair:3   | Reached skill level 13 in Fighting
 13354 | Lair:3   | Found a frozen archway.
 13387 | IceCv    | Entered an ice cave
 13391 | IceCv    | Reached XP level 13. HP: 95/99 MP: 15/15
 14117 | IceCv    | Reached skill level 5 in Throwing
 14465 | IceCv    | Noticed a white draconian
 14480 | IceCv    | Killed a white draconian
 14791 | Lair:3   | Found a staircase to the Swamp.
 15313 | Lair:4   | Got a transparent pewter ring
 15321 | Lair:4   | Identified the ring "Xezoh" {*Contam rC+++ MR- Int+6 Dex+8}
                  | (You found it on level 4 of the Lair of Beasts)
 15594 | Lair:4   | Reached skill level 14 in Fighting
 16227 | Lair:5   | Noticed Josephine
 16237 | Lair:5   | Killed Josephine
 16406 | Lair:5   | Found a staircase to the Slime Pits.
 17403 | Lair:6   | Entered Level 6 of the Lair of Beasts
 17427 | Lair:6   | Gained mutation: You have hoof-like feet. [demonic
                  | ancestry]
 17427 | Lair:6   | Reached XP level 14. HP: 100/108 MP: 15/15
 18059 | Lair:6   | Reached skill level 15 in Maces & Flails
 18140 | Lair:6   | Reached skill level 15 in Fighting
 18570 | Lair:6   | Found a runed translucent door.
 18573 | Lair:6   | Noticed Peppyet's ghost (journeyman GrBe)
 18574 | Lair:6   | Identified the cursed +1 trident of Youthful Indiscretion
                  | {venom, +Fly rPois rF+}
 18607 | Lair:6   | Killed Peppyet's ghost
 19052 | Lair:6   | Reached ****** piety under Hepliaklqana
 20168 | D:10     | Found a bloodstained altar of Trog.
 20939 | D:12     | Reached skill level 16 in Fighting
 21215 | D:12     | Found a staircase to the Orcish Mines.
 21553 | D:13     | Killed Snorg
 22198 | D:13     | Reached XP level 15. HP: 117/117 MP: 16/16
 22222 | D:13     | Identified the cursed +2 broad axe of the Enemy {vorpal,
                  | rF+ MP+9 Int+4} (You found it on level 13 of the Dungeon)
 22299 | D:13     | Noticed Sonja
 22306 | D:13     | Killed Sonja
 22377 | D:13     | Found Zokam's Weapon Shop.
 22495 | Orc:1    | Entered Level 1 of the Orcish Mines
 22513 | Orc:1    | Found a roughly hewn altar of Beogh.
 22574 | Orc:1    | Found a dark tunnel.
 22589 | Volcano  | Entered a volcano
 22810 | Volcano  | Identified the +0 pair of gloves "Eklafeev" {Rampage rF-
                  | rCorr Str+8} (You found it in a volcano)
 23391 | Orc:2    | Entered Level 2 of the Orcish Mines
 23398 | Orc:2    | Noticed Azrael
 23407 | Orc:2    | Noticed Jorgrun
 23416 | Orc:1    | Killed Azrael
 23416 | Orc:1    | Reached skill level 17 in Fighting
 23419 | Orc:2    | Noticed Erolcha
 23439 | Orc:2    | Noticed Rupert
 23442 | Orc:2    | Killed Erolcha
 23443 | Orc:2    | Killed Jorgrun
 23697 | Orc:2    | Killed Rupert
 23697 | Orc:2    | Reached skill level 5 in Armour
 23726 | Orc:2    | Found a staircase to the Elven Halls.
 23835 | Orc:2    | Noticed Saint Roka
 23841 | Orc:2    | Found Cicw's Book Shoppe.
 23978 | Orc:2    | Killed Saint Roka
 24892 | Orc:2    | Found Zymmog's Distillery.
 24892 | Orc:2    | Found Dulleud's Assorted Antiques.
 24897 | Orc:2    | Found Umoteyli's Gadget Emporium.
 24897 | Orc:2    | Found Anoomiqu's Antique Armour Boutique.
 24905 | Orc:2    | Bought a wand of acid (10) for 476 gold pieces
 24908 | Orc:2    | Bought a potion of curing for 36 gold pieces
 24908 | Orc:2    | Bought a potion of heal wounds for 60 gold pieces
 24908 | Orc:2    | Bought a potion of curing for 36 gold pieces
 24908 | Orc:2    | Bought a potion of heal wounds for 60 gold pieces
 24910 | Orc:2    | Bought a bloodstained chain mail for 180 gold pieces
 24910 | Orc:2    | Identified the +7 chain mail of Parlour Games {rF+} (You
                  | bought it in a shop on level 2 of the Orcish Mines)
 25152 | Swamp:1  | Entered Level 1 of the Swamp
 25159 | Swamp:1  | Reached skill level 18 in Fighting
 26162 | Swamp:1  | Noticed Donald
 26186 | Swamp:1  | Killed Donald
 26186 | Swamp:1  | Reached XP level 16. HP: 90/130 MP: 17/17
 26597 | Swamp:1  | Noticed Nikola
 26613 | Swamp:1  | Killed Nikola
 26951 | Orc:2    | Bought a dented pearl amulet for 120 gold pieces
 27727 | Swamp:2  | Reached skill level 5 in Shields
 28405 | Swamp:3  | Reached skill level 19 in Fighting
 28489 | Swamp:3  | Identified the +7 short sword "Zieh" {vorpal, Str+7 Dex-3}
                  | (You found it on level 3 of the Swamp)
 29693 | Swamp:4  | Entered Level 4 of the Swamp
 30515 | Swamp:4  | Got a decaying rune of Zot
 31105 | D:14     | Found a broken altar of Ashenzari.
 31239 | D:14     | Found Qunoc's Blood Bar.
 31619 | D:14     | Found Zuca's Antique Weapon Shop.
 31623 | D:14     | Gained mutation: You regenerate health from kills. [demonic
                  | ancestry]
 31623 | D:14     | Reached XP level 17. HP: 137/137 MP: 20/20
 31840 | D:14     | Found a gate to the Vaults.
 31931 | D:15     | Entered Level 15 of the Dungeon
 32086 | D:15     | Found Hily's Armour Shoppe.
 32173 | D:15     | Found a staircase to the Depths.
 32948 | Depths:1 | Entered Level 1 of the Depths
 34269 | Depths:1 | Found a gateway to Hell.
 34524 | Depths:2 | Noticed a lich
 34536 | Depths:2 | Killed a lich
 34554 | Depths:2 | Reached skill level 10 in Invocations
 34902 | Depths:2 | Learned a level 1 spell: Animate Skeleton
 35080 | Depths:2 | Gained mutation: You sometimes gain power by taking damage.
                  | [demonic ancestry]
 35080 | Depths:2 | Reached XP level 18. HP: 140/145 MP: 17/22
 35274 | Depths:2 | Reached skill level 20 in Fighting
 35884 | Depths:2 | Noticed a golden dragon
 35888 | Depths:2 | Reached skill level 10 in Armour
 35888 | Depths:2 | Reached skill level 10 in Evocations
 35897 | Depths:2 | Killed a golden dragon
 36336 | Depths:2 | Reached skill level 10 in Shields
 36357 | Depths:2 | Noticed a golden dragon
 36365 | Depths:2 | Noticed a tentacled monstrosity
 36523 | Vaults:1 | Entered Level 1 of the Vaults
 37388 | Vaults:1 | Gained mutation: You have claws for hands. [demonic
                  | ancestry]
 37388 | Vaults:1 | Reached XP level 19. HP: 139/153 MP: 20/23
 37528 | Vaults:1 | Reached skill level 1 in Necromancy
 37744 | Vaults:1 | Reached skill level 1 in Spellcasting
 38099 | Vaults:2 | Found a flickering gateway to a bazaar.
 38118 | Bazaar   | Entered a bazaar
 38136 | Bazaar   | Found Oketoima's Jewellery Shoppe.
 38151 | Bazaar   | Found Totucyer's Gadget Shoppe.
 38151 | Bazaar   | Found Liosukan's Book Emporium.
 38172 | Bazaar   | Found Makerecs's Book Shoppe.
 38172 | Bazaar   | Found Udohappo's Weapon Emporium.
 38225 | Bazaar   | Bought a wand of acid (10) for 252 gold pieces
 38239 | Bazaar   | Bought a +6 ring of strength for 468 gold pieces
 38239 | Bazaar   | Bought an uncursed ring of resist corrosion for 160 gold
                  | pieces
 38253 | Bazaar   | Bought a wand of acid (6) for 180 gold pieces
 38253 | Bazaar   | Bought a lightning rod (4/4) for 360 gold pieces
 38562 | Vaults:2 | Noticed Frederick
 38571 | Vaults:2 | Killed Frederick
 38571 | Vaults:2 | Reached skill level 21 in Fighting
 38704 | Vaults:2 | Found a staircase to the Crypt.
 40887 | Vaults:3 | Found Larchonuu's Gadget Shoppe.
 41197 | Vaults:3 | Gained mutation: You regenerate a lot of health from kills.
                  | [demonic ancestry]
 41197 | Vaults:3 | Reached XP level 20. HP: 162/162 MP: 24/24
 41982 | Spider:1 | Entered Level 1 of the Spider Nest
 43143 | Spider:2 | Identified the cursed +0 leather armour "Liloesoig"
                  | {*Corrode +Blink rN++ MP+9} (You found it on level 2 of the
                  | Spider Nest)
 43967 | Spider:3 | Noticed Kirke
 43971 | Spider:3 | Reached skill level 22 in Fighting
 43978 | Spider:3 | Noticed Bai Suzhen
 43979 | Spider:3 | Killed Kirke
 44007 | Spider:3 | Killed Bai Suzhen
 44127 | Spider:3 | Got a fine iron amulet
 44128 | Spider:3 | Identified the amulet of the Empty Page {+Fly rPois Regen+
                  | Slay+2 Stlth-} (You found it on level 3 of the Spider Nest)
 44265 | Spider:4 | Entered Level 4 of the Spider Nest
 45172 | Spider:4 | Got a gossamer rune of Zot
 45468 | Elf:1    | Entered Level 1 of the Elven Halls
 45573 | Elf:2    | Found Toraqeh's Antique Weapon Boutique.
 45617 | Elf:2    | Gained mutation: You have hooves in place of feet. [demonic
                  | ancestry]
 45617 | Elf:2    | Reached XP level 21. HP: 168/171 MP: 25/25
 45718 | Elf:3    | Entered Level 3 of the Elven Halls
 46030 | Elf:3    | Found the +6 arbalest "Damnation" {damnation}
 46038 | Elf:3    | Got an ancient ruby amulet
 46039 | Elf:3    | Identified the amulet "Pixu" {Faith rF+ rN+ Dex+3} (You
                  | found it on level 3 of the Elven Halls)
 46041 | Elf:3    | Got a twitching copper ring
 46042 | Elf:3    | Identified the ring "Xevewk" {*Tele rC+ Str+2 Int-2} (You
                  | found it on level 3 of the Elven Halls)
 46134 | Elf:3    | Found Vinimp's Book Boutique.
 46320 | Elf:2    | Got an ancient tin amulet
 46321 | Elf:2    | Identified the amulet "Ymeff" {rC+ rN+ Regen+ Str-5 Dex+2}
                  | (You found it on level 2 of the Elven Halls)
 46450 | Elf:2    | Found a huge runed translucent gate.
 46450 | Elf:2    | Found a huge runed translucent gate.
 46450 | Elf:2    | Found a huge runed translucent gate.
 46450 | Elf:2    | Found a huge runed translucent gate.
 46450 | Elf:2    | Found a huge runed translucent gate.
 46685 | Elf:3    | Identified the +2 quarterstaff of Disharmony {vorpal,
                  | Int+2}
 46685 | Elf:3    | Identified the +6 leather armour of the Wasteland {Harm
                  | rElec rF- rC-}
 46867 | Elf:3    | Identified The Second Course in Thaumaturgy
 46916 | Elf:3    | Acquired the -2 hat of the Alchemist {rElec rPois rF+ rC+
                  | rN+ MR+ rMut rCorr}
 46917 | Elf:3    | Found the -2 hat of the Alchemist {rElec rPois rF+ rC+ rN+
                  | MR+ rMut rCorr}
 47086 | Elf:1    | Noticed Frances
 47093 | Elf:1    | Killed Frances
 47661 | Slime:1  | Entered Level 1 of the Pits of Slime
 47928 | Slime:2  | Gained mutation: Your magical capacity is very low. (-20%
                  | MP) [a shining eye]
 48063 | Slime:3  | Reached skill level 15 in Shields
 48388 | Slime:2  | Reached skill level 23 in Fighting
 48484 | Slime:3  | Reached XP level 22. HP: 152/180 MP: 23/23
 48604 | Slime:5  | Entered Level 5 of the Pits of Slime
 48652 | Slime:5  | Found a viscous altar of Jiyva.
 48652 | Slime:5  | Noticed the Royal Jelly
 48666 | Slime:5  | Killed the Royal Jelly
 48691 | Slime:5  | Got a slimy rune of Zot
 48718 | Slime:5  | Identified Fafuc's Guide on the Mountains
 48732 | Slime:5  | Got a twitching bronze ring
 48733 | Slime:5  | Identified the ring of Symmetry {MR+ EV+4 Str+4 Dex-2} (You
                  | found it on level 5 of the Pits of Slime)
 48740 | Slime:5  | Got a brightly glowing marble ring
 48742 | Slime:5  | Identified the ring "Iseick" {*Tele +Fly rN+ Int+3} (You
                  | found it on level 5 of the Pits of Slime)
 48751 | Slime:5  | Identified the cursed +0 broad axe of Supply {vorpal, +Fly
                  | rC+ Int+2 Dex+2} (You found it on level 5 of the Pits of
                  | Slime)
 48757 | Slime:5  | Identified the Tome of Lethal Cold
 48802 | Slime:5  | Identified the Papyrus of the Pure Quests
 48826 | Slime:5  | Identified the +5 fustibalus "Diecopp" {flame, rElec MR+}
                  | (You found it on level 5 of the Pits of Slime)
 48844 | Slime:5  | Identified the +1 lajatang of Kismet {vamp, rF+ MR+ Int+4
                  | Dex+3} (You found it on level 5 of the Pits of Slime)
 48857 | Slime:5  | Identified the +7 spear "Leviticus" {speed, rPois Str+2
                  | Int+2} (You found it on level 5 of the Pits of Slime)
 49010 | Slime:2  | Reached skill level 15 in Armour
 49806 | Vaults:4 | Noticed Agnes
 49808 | Vaults:4 | Noticed Sojobo
 49810 | Vaults:4 | Killed Agnes
 49820 | Vaults:4 | Killed Sojobo
 50062 | Vaults:4 | Gained mutation: Your flesh is cold resistant. (rC+)
                  | [demonic ancestry]
 50062 | Vaults:4 | Reached XP level 23. HP: 187/188 MP: 24/24
 50144 | Vaults:4 | Reached skill level 24 in Fighting
 51038 | Depths:2 | Paralysed by a floating eye for 4 turns
 51346 | Depths:3 | Found a one-way gate leading to the halls of Pandemonium.
 51363 | Depths:3 | Reached skill level 15 in Evocations
 51722 | Depths:3 | Noticed Asterion
 51733 | Depths:3 | Killed Asterion
 51835 | Depths:3 | Noticed Xtahua
 51846 | Depths:3 | Killed Xtahua
 52023 | Depths:3 | You fall into a shaft and drop 2 floors!
 52023 | Depths:5 | Entered Level 5 of the Depths
 52197 | Depths:5 | Noticed Margery
 52207 | Depths:5 | Noticed a caustic shrike
 52207 | Depths:5 | Noticed a caustic shrike
 52207 | Depths:5 | Noticed a caustic shrike
 52208 | Depths:5 | Noticed a caustic shrike
 52208 | Depths:5 | Noticed a caustic shrike
 52215 | Depths:5 | Killed a caustic shrike
 52220 | Depths:5 | Killed a caustic shrike
 52221 | Depths:5 | Killed a caustic shrike
 52240 | Depths:5 | Killed a caustic shrike
 52242 | Depths:5 | HP: 7/189 [caustic shrike (12)]
 52242 | Depths:5 | HP: 3/189 [acid (4)]
 52244 | Depths:5 | Demolished by a caustic shrike

Illustrated notes

Levels and vault maps discovered:
D:1:      onia_arrival_mini_maze, layout_basic, minmay_tripent
D:2:      layout_loops_corners, bloody_trog, minmay_overflow_temple_star_quad
D:3:      layout_loops_ring, bloody_makhleb, old_standard_altar, hex_tiny
D:4:      layout_gridville, minmay_temple_entry_junction,
          gammafunk_ghost_mausoleum, grunt_gozag_statues
D:5:      layout_rooms, serial_shops, nicolae_shop_crystal
D:6:      layout_cave_pools, serial_shops, nicolae_shop_waterfront, uniq_sigmund
D:7:      minmay_the_grid_plus_closed [minmay_the_grid_tri_star,
          minmay_the_grid_expand, minmay_the_grid_spikes, minmay_the_grid_empty,
          minmay_the_grid_prize_trominoes], layout_loops_ring,
          kiku_gazebo_garden_becter
D:8:      layout_gridville, eat_drink_and_be_merry_uskayaw, serial_shops,
          nicolae_shop_overgrown_old_shop
D:9:      layout_small_grid, grunt_decor_cap
D:10:     layout_gridville, david_defended_altar_elf
D:11:     layout_loops_ring, grunt_lair_entry_orc_guard_hut, serial_shops,
          nicolae_shop_trees
D:12:     layout_layer_cave, orc_0_dummy, serial_co_window_serial,
          co_window_corner_a, co_window_paths_b, co_window_paths_b,
          co_window_corner_a, co_window_paths_b, co_window_paths_b,
          co_window_paths_a, co_window_unsneaky_path_e, co_window_broadway_a,
          co_window_corner_b, co_window_broadway_b, co_window_corner_ca,
          co_window_broadway_c
D:13:     layout_roguey, serial_shops, nicolae_shop_behind_doors, uniq_snorg,
          uniq_sonja
D:14:     layout_stronghold, david_vaults_4, evilmike_ruin_ashenzari,
          serial_shops, nicolae_shop_window_shopping, guppyfry_shop_blood
D:15:     hangedman_depths_entry_try_elsewhere_first, layout_loops_ring,
          hangedman_decor_clover_reticule, serial_shops,
          nicolae_shop_window_shopping
Lair:1:   layout_chaotic_city, gammafunk_ghost_grave, hibernation_bobbens,
          uniq_nergalle, uniq_grum
Lair:2:   layout_layer_cave, spider_nest_entry_rubble,
          chequers_serial_rivers_room_b, chequers_serial_rivers_marsh,
          beast_lair_carwin_11
Lair:3:   layout_roguey, swamp_mist_pool, portal_ice_cave_entry_imps
Lair:4:   layout_gridlike, nicolae_lair_grove_arrangements, lemuel_fruit_fields
Lair:5:   layout_long_grid, nicolae_slime_entry_slimehenge,
          guppyfry_lair_drakes, uniq_josephine
Lair:6:   guppyfry_lair_end_dragon, layout_loops_ring,
          hangedman_lair_caniforms_friends, ebering_ghost_funeral_grove,
          bobbens_ice_dragon_lair
Swamp:1:  layout_basic_swamp, hangedman_swamp_cone, swamp_pool5, uniq_donald,
          uniq_nikola
Swamp:2:  layout_basic_swamp, hangedman_swamp_ruin_hall,
          nicolae_swamp_alligator_family, infiniplex_staircase_pool
Swamp:3:  layout_falls_marsh, evilmike_swamp_ruin_rubble_2
Swamp:4:  swamp_fiery, layout_basic_swamp
Spider:1: nicolae_spider_hall_of_the_moth_king
Spider:2: layout_spider_delve
Spider:3: layout_spider_delve, uniq_bai_suzhen, uniq_kirke
Spider:4: spider_rune_water
Slime:1:  cheibrodos_slime_lost_civilization_9, layout_caves,
          cheibrodos_slime_lost_civilization_7
Slime:2:  layout_caves, nicolae_slime_round_cave
Slime:3:  layout_caves, nicolae_slime_welcoming_committee
Slime:4:  layout_caves
Slime:5
Orc:1:    layout_diamond_mine, lightli_volcano_entry_magma_tube, basic_altar,
          lightli_orcish_oven
Orc:2:    grunt_orc_tribal_feast, layout_caves, serial_shops, shop_fountains,
          uniq_saint_roka, uniq_rupert, uniq_jorgrun, uniq_azrael, uniq_erolcha
Elf:1:    layout_geoelf_grid, hangedman_elf_represent, uniq_louise, uniq_frances
Elf:2:    layout_onion_city, serial_shops, nicolae_shop_waterfront,
          small_chamber_with_monster
Elf:3:    minmay_elf_hall_dome, layout_rooms, serial_shops, nicolae_shop_trees,
          drop_trap, laboratory
Vaults:1: nicolae_vaults_arrows, ontoclasm_vaults_ring_small, v_misc_5,
          serial_ice_b, nicolae_vaults_circle_grid_b,
          ontoclasm_vaults_ring_small, v_alt_pattern_6, hangedman_vaults_maws,
          vaults_mumra_chevron_long, nicolae_vaults_diagonal_hallway_9,
          v_pattern_1, dpeg_vaults_monster_row,
          ontoclasm_vaults_decontamination, layout_vaults_maze_bifur
Vaults:2: minmay_crypt_entry_simple_plaza, dpeg_vaults_monster_box,
          nicolae_vaults_network_square, nicolae_vaults_diagonal_hallway_6,
          v_rooms_6, nicolae_vaults_asterisk, layout_vaults_quadrants,
          serial_shops, bzr_in_the_mist, uniq_frederick
Vaults:3: vaults_room_fancy_cross, v_misc_11,
          hangedman_vaults_stretched_pinwheel, ontoclasm_vaults_tryst,
          nicolae_vaults_shelves_hall, vaults_dpeg_encased_lava, st_more_cells,
          layout_vaults_omnibox, serial_shops, nicolae_shop_behind_doors
Vaults:4: v_misc_1, v_misc_9, nicolae_vaults_little_squares_1, v_misc_10,
          v_alt_pattern_3, nicolae_vaults_network_quincunx
          [nicolae_vaults_network_quincunx_subvault,
          nicolae_vaults_network_quincunx_subvault,
          nicolae_vaults_network_quincunx_subvault,
          nicolae_vaults_network_quincunx_subvault,
          nicolae_vaults_network_quincunx_subvault], v_misc_16, v_misc_19,
          nicolae_vaults_hallways_thing, nicolae_vaults_little_squares_3,
          v_misc_5, v_misc_9, nicolae_vaults_little_squares_1, sword_in_stone,
          layout_vaults_big_cross
Depths:1: layout_forbidden_donut, hangedman_tar_grid_catacomb,
          minmay_misc_feat_plants, hangedman_decor_slide_cut,
          serial_sigils_hangedman_confine, minmay_misc_feat_roman,
          kennysheep_potato, serial_bayou_shore_b
Depths:2: grunt_runaround [grunt_runaround_doors_1, grunt_runaround_doors_2,
          grunt_runaround_doors_3, grunt_runaround_doors_4,
          grunt_runaround_loot], serial_shops, hell_entry
Depths:3: minmay_angry_zag, layout_gridlike, hell_entry,
          infiniplex_staircase_door_maze, grunt_pan_entry_sceptre,
          minmay_fractal_squares_gapless_7, uniq_asterion, uniq_xtahua
Depths:5: grunt_zot_entry_funnels, layout_basic, hangedman_decor_growths,
          hangedman_geh_valley, infiniplex_enter_wizlab_spiral,
          dk_noncrumbling_4, uniq_margery

Skill      XL: |  1  2  3  4  5  6  7  8  9 10 11 12 13 14 15 16 17 18 19 20 21 22 23 |
---------------+----------------------------------------------------------------------+-----
Maces & Flails | 2 3 4 5 7 8 9 11 12 13 14 16 | 16.0
Shields        | 2 3 4 6 8 11 12 14 15 | 15.0
Fighting       | 5 8 10 11 13 14 16 18 19 20 21 22 23 24 | 24.9
Evocations     | 3 5 7 9 10 11 13 15 | 15.9
Armour         | 4 6 7 9 10 11 13 14 15 | 15.0
Invocations    | 5 8 10 11 | 11.3
Throwing       | 4 6 |  6.0
Necromancy     | 4 |  4.0
Spellcasting   | 2 |  2.0
Dodging        | |  1.0
Stealth        | |  1.0

Action                   |  1- 3 |  4- 6 |  7- 9 | 10-12 | 13-15 | 16-18 | 19-21 | 22-24 || total
-------------------------+-------+-------+-------+-------+-------+-------+-------+-------++-------
Melee: Mace              |    94 |   152 |    72 |   189 |       |       |       |       ||   507
       Headbutt          |       |       |    15 |    97 |   193 |   199 |   234 |   134 ||   872
       Eveningstar       |       |       |       |   258 |   817 |   805 |   917 |   477 ||  3274
       Kick              |       |       |       |    85 |   230 |   284 |   157 |   221 ||   977
       Trident           |       |       |       |       |    10 |    79 |       |       ||    89
       Staff             |       |       |       |       |       |     7 |       |       ||     7
       Broad axe         |       |       |       |       |       |     1 |       |     5 ||     6
 Fire: Shortbow          |    15 |       |       |       |       |       |       |       ||    15
       Hunting sling     |       |     1 |    11 |    20 |       |       |       |       ||    32
       Fustibalus        |       |       |       |       |    11 |     4 |       |       ||    15
Throw: Dart              |    11 |    15 |    17 |    75 |    75 |    62 |    32 |     1 ||   288
       Stone             |     5 |     4 |     2 |    11 |       |       |       |       ||    22
       Boomerang         |       |       |     4 |    10 |    10 |     4 |    21 |       ||    49
       Throwing net      |       |       |       |     1 |       |       |     1 |       ||     2
       Javelin           |       |       |       |       |       |     2 |     8 |     8 ||    18
 Cast: Animate Skeleton  |       |       |       |       |       |       |     2 |     4 ||     6
Invok: Recall Ancestor   |       |     1 |       |     4 |       |     2 |     3 |     1 ||    11
       Ancestor Life: Ba |       |     1 |       |       |       |       |       |       ||     1
       Idealise          |       |       |       |       |       |     1 |       |       ||     1
       Transference      |       |       |       |       |       |     1 |     1 |       ||     2
 Abil: Evoke Flight      |       |       |       |       |     2 |     1 |       |       ||     3
Evoke: Wand              |       |       |    10 |    16 |    25 |    24 |    17 |     6 ||    98
       Tin of tremorston |       |       |       |       |     7 |     9 |    10 |     7 ||    33
       Condenser vane    |       |       |       |       |       |       |     5 |     4 ||     9
       Lightning rod     |       |       |       |       |       |       |     4 |     8 ||    12
       Phial of floods   |       |       |       |       |       |       |       |     1 ||     1
  Use: Scroll            |     1 |     8 |     6 |    12 |    18 |    14 |    11 |    15 ||    85
       Potion            |       |     3 |     3 |       |     8 |    12 |       |     9 ||    35
 Stab: Sleeping          |     5 |       |       |       |     5 |       |       |       ||    10
       Distracted        |       |     2 |       |     6 |     8 |     7 |    15 |     6 ||    44
       Paralysed         |       |       |       |     6 |       |       |       |       ||     6
       Invisible         |       |       |       |       |     2 |       |       |       ||     2
Armor: Robe              |    21 |       |       |       |       |       |       |       ||    21
       Plate armour      |     4 |   135 |    35 |   207 |    32 |       |       |       ||   413
       Skin              |       |     2 |       |       |       |       |       |       ||     2
       Chain mail        |       |       |       |       |   234 |   490 |    15 |       ||   739
       Gold dragon scale |       |       |       |       |       |       |   412 |   207 ||   619
Dodge: Dodged            |    58 |    30 |     5 |    86 |   225 |   192 |   133 |   134 ||   863
Block: Buckler           |     1 |    44 |    13 |   125 |   297 |     1 |       |       ||   481
       Reflection        |       |       |       |       |    10 |    39 |    44 |    23 ||   116
       Kite shield       |       |       |       |       |       |   433 |   637 |   339 ||  1409

Table legend: (Time is in decaauts)
 A = Elapsed time spent in this place.
 B = Non-inter-level travel time spent in this place.
 C = Inter-level travel time spent in this place.
 D = Time resting spent in this place.
 E = Time spent auto-exploring this place.
 F = Levels seen in this place.
 G = Mean time per level.
                   A        B        C        D        E       F      G
               +--------+--------+--------+--------+--------+-----+--------+
         Total |  51708 |  47663 |   4045 |  11823 |  19269 |  50 | 1034.2 |
       Dungeon |  16131 |  14864 |   1267 |   3820 |   6223 |  15 | 1075.4 |
          Lair |   8789 |   7627 |   1162 |   2254 |   3594 |   6 | 1464.8 |
         Swamp |   5630 |   5235 |    395 |   1552 |   2282 |   4 | 1407.5 |
   Spider Nest |   3243 |   3043 |    200 |    113 |   1624 |   4 |  810.8 |
    Slime Pits |   1249 |   1190 |     59 |    279 |      0 |   5 |  249.8 |
  Orcish Mines |   2180 |   2025 |    155 |    898 |    401 |   2 | 1090.0 |
   Elven Halls |   1937 |   1704 |    233 |     45 |    532 |   3 |  645.7 |
        Vaults |   5978 |   5527 |    451 |    684 |   3056 |   4 | 1494.5 |
        Depths |   4666 |   4545 |    121 |   1419 |   1280 |   4 | 1166.5 |
        Bazaar |    163 |    163 |      0 |      0 |     78 |   1 |  163.0 |
      Ice Cave |   1328 |   1328 |      0 |    669 |     65 |   1 | 1328.0 |
       Volcano |    407 |    407 |      0 |     88 |    131 |   1 |  407.0 |
               +--------+--------+--------+--------+--------+-----+--------+

Top non-repeatable levels by time:
Depths:2: 2344 daAuts
  Lair:6: 2165 daAuts
    D:12: 1998 daAuts
 Swamp:3: 1910 daAuts
  Lair:2: 1897 daAuts
 Swamp:1: 1730 daAuts
Vaults:3: 1707 daAuts
    D:13: 1614 daAuts
Vaults:1: 1538 daAuts
Vaults:2: 1526 daAuts
  Lair:5: 1438 daAuts
     D:1: 1388 daAuts
    D:14: 1376 daAuts
Depths:1: 1371 daAuts
   IceCv: 1328 daAuts
